AoeStats
← reev699169

Arena

507479591Analyzed
4v4 RM · 13d ago on Sep 18, 2026· 42m 28s· 8 players
Game mode
Random Map
Map size
Large (8 player)
Population
200
Speed
Normal
Resources
Standard
Victory
Conquest
Starting age
Dark Age
Ending age
Imperial Age
RankedLock teamsTeams togetherTeam positionsShared explorationLock speedFull tech treeHidden civsTurbo modeCheats
Victory
Defeat
🇨🇳 Huns · China
1041
+15
🇸🇪 Japanese · Sweden
1025
+15
🇹🇼 Mongols · Taiwan
1017
+16
🇻🇳 Turks · Vietnam
995
+16
🇨🇳 Turks · China
1127
-21
🇨🇳 Goths · China
1003
-15
🇨🇳 Huns · China
957
-13
🇨🇳 Persians · China
948
-13
johansoderstrom1
11:15 Feudal Age
15:47 Castle Age
14:32 Double-Bit Axe
16:47 Bow Saw
22:35 Scale Mail Armor
26:25 Arson
26:44 Squires
32:15 Pikeman
33:14 Chain Mail Armor
33:26 Horse Collar
35:34 Forging
36:32 Heavy Plow
42:12 Imperial Age
40:20 Wheelbarrow
40:07 Gold Mining
42:44 Iron Casting
42:24 Halberdier
SOUL 360
11:54 Feudal Age
13:36 Double-Bit Axe
13:47 Gold Mining
16:13 Castle Age
17:48 Loom
21:00 Imperial Age
20:54 Padded Archer Armor
21:51 Leather Archer Armor
23:37 Wheelbarrow
24:11 Bow Saw
29:26 Stone Mining
31:18 Hand Cart
32:09 Town Watch
33:34 Forging
33:29 Scale Barding Armor
33:54 Horse Collar
35:41 Iron Casting
40:20 Gold Shaft Mining
40:47 Blast Furnace
40:07 Chain Barding Armor
40:48 Conscription
MEMS
10:51 Feudal Age
14:36 Castle Age
13:39 Double-Bit Axe
13:42 Horse Collar
28:46 Imperial Age
26:33 Husbandry
26:40 Scale Barding Armor
27:33 Bloodlines
28:16 Bow Saw
29:02 Wheelbarrow
28:13 Loom
28:47 Heavy Plow
29:41 Chain Barding Armor
29:50 Conscription
28:56 Cavalier
31:17 Plate Barding Armor
34:20 Two-Man Saw
33:49 Forging
33:50 Gold Mining
34:20 Stone Mining
35:07 Gold Shaft Mining
35:10 Iron Casting
33:59 Light Cavalry
35:41 Hand Cart
35:12 Town Watch
35:44 Hussar
37:12 Paladin
39:57 Blast Furnace
auuuustyn
10:42 Feudal Age
14:21 Castle Age
12:14 Double-Bit Axe
12:56 Horse Collar
21:23 Bow Saw
22:27 Heavy Plow
22:53 Gold Mining
24:03 Wheelbarrow
23:53 Stone Mining
29:24 Imperial Age
27:10 Fletching
27:20 Padded Archer Armor
27:47 Ballistics
27:47 Bodkin Arrow
28:44 Gold Shaft Mining
28:46 Stone Shaft Mining
28:32 Bloodlines
28:23 Husbandry
29:13 Hand Cart
28:45 Loom
28:26 Light Cavalry
29:31 Leather Archer Armor
29:22 Town Watch
29:55 Scale Barding Armor
30:09 Town Patrol
30:35 Bracer
31:45 Chemistry
31:57 Scale Barding Armor
32:02 Forging
31:25 Hussar
32:48 Conscription
34:27 Chain Barding Armor
34:42 Iron Casting
33:51 Elite Mangudai
37:29 Blast Furnace
40:33 Parthian Tactics
lunb829195
10:30 Feudal Age
15:23 Castle Age
13:49 Double-Bit Axe
13:56 Horse Collar
16:23 Wheelbarrow
22:39 Gold Mining
26:28 Hand Cart
26:03 Loom
29:14 Imperial Age
26:33 Town Watch
27:31 Gold Shaft Mining
26:47 Stone Mining
27:40 Bow Saw
27:54 Heavy Plow
28:02 Scale Barding Armor
28:08 Forging
29:26 Chain Barding Armor
30:01 Crop Rotation
31:01 Iron Casting
31:55 Two-Man Saw
32:10 Plate Barding Armor
31:51 Masonry
32:15 Elite War Elephant
36:26 Blast Furnace
35:17 Fletching
35:28 Padded Archer Armor
36:04 Conscription
36:02 Citadels
37:20 Chemistry
36:40 Ballistics
36:51 Architecture
36:13 Heated Shot
37:09 Stone Shaft Mining
37:52 Thumb Ring
37:07 Elite Skirmisher
DazHkaka
11:59 Feudal Age
16:10 Castle Age
20:23 Imperial Age
19:22 Double-Bit Axe
21:05 Padded Archer Armor
24:02 Leather Archer Armor
reev699169
11:04 Feudal Age
11:41 Loom
19:04 Castle Age
19:11 Castle Age
17:04 Horse Collar
17:14 Double-Bit Axe
17:33 Stone Mining
18:40 Gold Mining
22:40 Heavy Plow
23:43 Wheelbarrow
39:46 Scale Mail Armor
39:56 Forging
41:12 Squires
40:33 Pikeman
opwo175712
1:45 Loom
11:23 Feudal Age
16:44 Castle Age
15:44 Horse Collar
15:53 Double-Bit Axe
16:10 Stone Mining
25:02 Wheelbarrow
25:43 Heavy Plow
30:48 Imperial Age
28:50 Marauders
28:59 Scale Barding Armor
29:04 Forging
29:26 Husbandry
29:37 Bloodlines
30:36 Chain Barding Armor
32:29 Gold Mining
35:52 Bow Saw
36:20 Gold Shaft Mining
35:58 Scale Mail Armor
36:34 Iron Casting
35:26 Pikeman
36:07 Squires
35:54 Arson
38:11 Hand Cart
37:42 Halberdier
40:37 Chain Mail Armor
Connection lost

Rejoining the realm…

Still unreachable

The connection could not be restored.

Session expired

The server has moved on; the page needs a fresh start.